 Dungeon Crawl Stone Soup version 0.27-a0-1324-ge0d8e047f6 (webtiles) character file.

Game seed: 7307992377290985087

166 Delamore the Poker (level 5, -8/43 HPs)
             Began as a Formicid Fighter on June 23, 2021.
             Mangled by an orc (13 damage)
             ... on level 3 of the Dungeon.
             The game lasted 00:02:56 (3183 turns).

Delamore the Poker (Formicid Fighter)               Turns: 3183, Time: 00:02:56

Health: -8/43      AC:  6    Str: 21    XL:     5   Next: 76%
Magic:  5/5        EV:  8    Int:  8    God:
Gold:   111        SH: 10    Dex: 10    Spells: 4/4 levels left

rFire    . . .     SeeInvis +   j - +2 dagger (elec)
rCold    . . .     Faith    .   c - +1 kite shield
rNeg     . . .     Spirit   .   b - +0 scale mail
rPois    .         Reflect  .   (helmet unavailable)
rElec    .         Harm     .   (no cloak)
rCorr    .         Rampage  .   (no gloves)
Will     .....                  (no boots)
Stlth    ..........             (no amulet)
HPRegen  0.14/turn              (no ring)
MPRegen  0.09/turn              (no ring)

@: no status effects
A: permanent stasis, dig shafts and tunnels, antennae 3, four strong arms
a: Dig, Shaft Self


You were on level 3 of the Dungeon.
You visited 1 branch of the dungeon, and saw 3 of its levels.

You collected 111 gold pieces.

Inventory:

Hand Weapons
 a - a +0 vorpal trident
 j - a +2 dagger of electrocution (weapon)
Missiles
 f - 6 silver javelins
Armour
 b - a +0 scale mail (worn)
 c - a +1 kite shield (worn)
Scrolls
 e - a scroll of enchant armour
 g - 2 scrolls of fog
Potions
 d - a potion of might
 h - 2 potions of curing
 i - a potion of heal wounds {unknown}
 k - a potion of lignification {unknown}


   Skills:
 + Level 4.6 Fighting
 * Level 4.6 Polearms
 - Level 3.2 Armour
 - Level 3.6 Shields


You had 4 spell levels left.
You didn't know any spells.
Your spell library contained the following spells:

 Spells                   Type           Power      Damage    Failure   Level
 Beastly Appendage        Tmut           0%         N/A       98%         1
 Summon Small Mammal      Summ           0%         N/A       98%         1
 Call Imp                 Summ           0%         N/A       99%         2
 Wereblood                Tmut           0%         N/A       99%         2
 Call Canine Familiar     Summ           0%         N/A       100%        3
 Spider Form              Tmut/Pois      0%         N/A       100%        3
 Summon Guardian Golem    Hex/Summ       0%         N/A       100%        3
 Ice Form                 Ice/Tmut       0%         N/A       100%        4
 Summon Ice Beast         Ice/Summ       0%         N/A       100%        4
 Summon Lightning Spire   Summ/Air       0%         N/A       100%        4


Dungeon Overview and Level Annotations

Branches:
Dungeon (3/15)

Altars:


Innate Abilities, Weirdness & Mutations

You cannot be hasted, slowed, berserked, paralysed or teleported.
You can dig through walls and to a lower floor.
You have a pair of large antennae on your head. (SInv)
Your four strong arms can wield two-handed weapons with a shield.


Message History

No target in view!
No target in view!
No target in view!
No target in view!
No target in view!
No target in view!
No target in view!
No target in view!
HP restored.
Things that are here:
a +0 flail; a +0 ring mail
h - 2 potions of curing (gained 1)
i - a fizzy white potion You now have 111 gold pieces (gained 12).
Done exploring.
Done exploring.
Done exploring.
The orc shouts!
An orc is nearby!
The orc hits you with a +1 dagger of electrocution.
You are electrocuted!
You closely miss the orc.
The orc hits you with a +1 dagger of electrocution.
You are electrocuted!!
* * * LOW HITPOINT WARNING * * *
You block the orc's attack.
You are too injured to fight recklessly!
You are too injured to fight recklessly!
You are too injured to fight recklessly!
You are too injured to fight recklessly!
You are too injured to fight recklessly!
You are too injured to fight recklessly!
Press: ? - help, v - describe, . - travel
Here: an orc, wielding a +1 dagger of electrocution The floor.
An orc is nearby!
The orc hits you with a +1 dagger of electrocution.
* * * LOW HITPOINT WARNING * * *
You are electrocuted!
You die...

...###........................###
###............##...##......(...#
#.......)......................
###...................###########
....#.....[.....##...#...........
................#....#..#......#.
..................#...##........#
#.###................(...........
..# ##..........@....<.>####.###.
### ##)).......o......### #.# ##
#..........####.#.# #.# #
#..........##...#.######.####
#.............###......#.....
##.............###............
##..............##...........รท.
###...............##.............
.....##............#.............


You could see an orc.

Vanquished Creatures
  An orc wizard (D:3)
  Terence (D:2)
  Robin (D:2)
  3 adders
  A worm (D:2)
  2 dart slugs
  4 orcs
  3 ball pythons
  5 endoplasms
  4 giant cockroaches
  10 goblins
  6 hobgoblins
  3 quokkas
  5 bats
  4 frilled lizards
  6 kobolds
  4 rats (D:3)
63 creatures vanquished.

Notes
Turn   | Place    | Note
-------+----------+-------------------------------------------
     0 | D:1      | Delamore the Formicid Fighter began the quest for the Orb.
     0 | D:1      | Reached XP level 1. HP: 18/18 MP: 1/1
   329 | D:1      | Reached XP level 2. HP: 24/24 MP: 2/2
   667 | D:1      | Reached XP level 3. HP: 27/30 MP: 3/3
  1521 | D:2      | Noticed Robin
  1530 | D:2      | Killed Robin
  1531 | D:2      | Reached XP level 4. HP: 25/37 MP: 4/4
  1736 | D:2      | Found a faded altar of an unknown god.
  1791 | D:2      | Noticed Terence
  1803 | D:2      | Killed Terence
  2248 | D:3      | Reached XP level 5. HP: 39/42 MP: 5/5
  3183 | D:3      | Mangled by an orc

Illustrated notes

Levels and vault maps discovered:
D:1:      elethiomel_arrival_infinity_welcomes_careful_drivers,
          layout_loops_ring
D:2:      layout_loops_cross, ebering_ecumenical_altar_petrified, uniq_terence,
          uniq_robin
D:3:      layout_rooms, minmay_curled_crystal, mrwooster_statue_mirror

Skill      XL: |  1  2  3  4 |
---------------+-------------+-----
Polearms       | 3 4 |  4.6
Fighting       | 4 |  4.6
Armour         | |  3.2
Shields        | |  3.6

Action                   |  1- 3 |  4- 6 || total
-------------------------+-------+-------++-------
Melee: Trident           |   118 |       ||   118
       Dagger            |    17 |   103 ||   120
 Abil: Dig               |       |     2 ||     2
  Use: Scroll            |     3 |     3 ||     6
Armor: Scale mail        |    43 |    29 ||    72
Dodge: Dodged            |    41 |    36 ||    77
Block: Kite shield       |    64 |    61 ||   125

Table legend: (Time is in decaauts)
 A = Elapsed time spent in this place.
 B = Non-inter-level travel time spent in this place.
 C = Inter-level travel time spent in this place.
 D = Time resting spent in this place.
 E = Time spent auto-exploring this place.
 F = Levels seen in this place.
 G = Mean time per level.
                   A        B        C        D        E       F      G
               +--------+--------+--------+--------+--------+-----+--------+
         Total |   3246 |   3079 |    167 |    410 |   2141 |   3 | 1082.0 |
       Dungeon |   3246 |   3079 |    167 |    410 |   2141 |   3 | 1082.0 |
               +--------+--------+--------+--------+--------+-----+--------+

Top non-repeatable levels by time:
     D:2: 1374 daAuts
     D:1: 1179 daAuts
     D:3: 692 daAuts
